 Dungeon Crawl Stone Soup version 0.19-a0-1166-g02d67b9 (console) character file.

16 brucemayne the Chopper (level 2, -3/23 HPs)
             Began as a Vampire Berserker on Aug 14, 2016.
             Was a Follower of Trog.
             Slain by a goblin
             ... wielding a +0 club
              (6 damage)
             ... on level 2 of the Dungeon.
             The game lasted 00:01:03 (263 turns).

brucemayne the Chopper (Vampire Berserker)           Turns: 263, Time: 00:01:04

Health: -3/23      AC:  2    Str: 16    XL:     2   Next: 41%
Magic:  2/2        EV: 12    Int:  9    God:    Trog [*.....]
Gold:   35         SH:  0    Dex: 13    Spells: 0 memorised, 1 level left

rFire  . . .     SeeInvis +     a - +0 hand axe
rCold  . . .     Gourm    .     b - +0 animal skin
rNeg   + . .     Faith    .     (no shield)
rPois  .         Spirit   .     (no helmet)
rElec  .         Dismiss  .     (no cloak)
rCorr  .         Reflect  .     (no gloves)
MR     .....     Harm     .     (no boots)
Stlth  +.........               (no amulet)
                                (no ring)
                                (no ring)

@: no status effects
A: fangs 3, see invisible, unbreathing
a: Berserk, Burn Spellbooks, Renounce Religion


You were on level 2 of the Dungeon.
You worshipped Trog.
Trog was aware of your devotion.
You were not thirsty.

You visited 1 branch of the dungeon, and saw 2 of its levels.

You collected 35 gold pieces.

Inventory:

Hand Weapons
 a - a +0 hand axe (weapon)
 f - a +1 dagger of flaming
 j - a +2 vampiric dagger
Missiles
 k - 32 poisoned needles
Armour
 b - a +0 animal skin (worn)
Scrolls
 e - a scroll of amnesia {unknown}
 g - 3 scrolls of identify {unknown}
Potions
 c - 8 potions of blood
 d - a potion of ambrosia {unknown}
 i - a potion of invisibility {unknown}
Books
 h - a book of Minor Magic

   Spells                             Type                      Level
   a - Magic Dart                     Conjuration                  1
   b - Blink                          Translocation                2
   c - Call Imp                       Summoning                    2
   d - Repel Missiles                 Charms/Air                   2
   e - Slow                           Hexes                        2
   f - Conjure Flame                  Conjuration/Fire             3
   g - Mephitic Cloud                 Conjuration/Poison/Air       3
   Trog disapproves of the use of such an item.


   Skills:
 - Level 2.6 Fighting
 + Level 3.4 Axes
 - Level 1.5 Armour
 - Level 2.1 Dodging


You had one spell level left.
You didn't know any spells.

Dungeon Overview and Level Annotations

Branches:
Dungeon (2/15)

Altars:

Annotations:
D:2 Ijyb


Innate Abilities, Weirdness & Mutations

You have razor-sharp teeth.
You have supernaturally acute eyesight. (SInv)
You can survive without breathing.


Message History

There are no items here.
You see here a runed dagger.
j - a runed dagger You see here 24 poisoned needles.
k - 24 poisoned needles
k - 32 poisoned needles (gained 8)
There are no items here.
A goblin comes into view. It is wielding a club.
The goblin shouts!
Found a pink potion.
Ijyb the Twisted Goblin comes into view.
Yummy - fresh blood!
You hit the goblin.
The goblin is severely wounded.
The goblin hits you with a club.
* * * LOW HITPOINT WARNING * * *
You hit the goblin but do no damage. Your bite misses the goblin.
The goblin is severely wounded.
The goblin hits you with a club.
You die...

#......# .# #....#####
#..##.#####.# #....#....
###..#......#.#####....#.###
#.................#....#.#.#
#......####..####.#....#...#
#......####....#.......#<..#
#.....>+....................
#......#####.#.#..######....
#.........g@................
#......#####.......#####.#..
#......# #.......# ##+#.#
##......# #.......# #.....#
#.......# ######### #.....#
#............# .....#
#............# .....#
#...........!# #...
#.....g......# ########...


You could see a goblin.

Vanquished Creatures
  A giant gecko (D:2)
  2 bats (D:2)
  2 giant cockroaches
  3 goblins
  2 jackals (D:2)
  A kobold (D:2)
  2 rats
13 creatures vanquished.

Notes
Turn   | Place    | Note
-------+----------+-------------------------------------------
     0 | D:1      | brucemayne the Vampire Berserker began the quest for the Orb.
     0 | D:1      | Reached XP level 1. HP: 17/17 MP: 1/1
   115 | D:2      | Reached skill level 3 in Axes
   155 | D:2      | Reached XP level 2. HP: 13/23 MP: 2/2
   251 | D:2      | Noticed Ijyb
   263 | D:2      | Slain by a goblin

Vault maps used:
D:1:      dpeg_arrival_brainrot
D:2:      lemuel_coloured_pillars_altar, gammafunk_pakellas_spire_experiment,
          uniq_iyjb

Skill      XL: |  1 |
---------------+----+-----
Axes           | 3 |  3.4
Fighting       | |  2.6
Armour         | |  1.5
Dodging        | |  2.1

Action                   || total
-------------------------++-------
Melee: Hand axe          ||    40
       Bite              ||     3
  Use: Potion            ||     1
Armor: Animal skin       ||    11
Dodge: Dodged            ||    23
